 Dungeon Crawl Stone Soup version 0.31-a0-182-gc5ef74bbde (webtiles) character file.

Game seed: 661728093349656977

105 juan097 the Magician (level 5, -12/38 HPs)
             Began as a Djinni Hedge Wizard on June 20, 2023.
             Killed by divine providence
             ... invoked by an orc priest
              (14 damage)
             ... on level 4 of the Dungeon.
             The game lasted 00:05:21 (2371 turns).

juan097 the Magician (Djinni Hedge Wizard)          Turns: 2371, Time: 00:05:22

Health: -12/38     AC:  4    Str:  9    XL:     5   Next: 8%
Gold:   81         EV: 11    Int: 17    God:
                   SH:  0    Dex: 13

rFire   + + .        b - staff of cold
rCold   + . .        (no shield)
rNeg    . . .        e - +1 leather armour {rC+}
rPois   ∞            c - +0 hat
rElec   .            (no cloak)
rCorr   .            (no gloves)
SInv    .            (boots unavailable)
Will    .....        (no amulet)
Stlth   ++           (no ring)
HPRegen 0.26/turn    (no ring)
MPRegen 0.00/turn

%: infuse magic (-13 HP)
@: flying
A: sickness immunity, fire resistance 2, cold vulnerability 1, float, innate
caster, HP casting, extra vitality 1
a: no special abilities


You were on level 4 of the Dungeon.
You visited 1 branch of the dungeon, and saw 4 of its levels.

You collected 81 gold pieces.

Inventory:

Hand Weapons
 a - a +0 dagger
Missiles
 h - 12 poisoned darts
Armour
 c - a +0 hat (worn)
 e - a +1 leather armour of cold resistance (worn)
 m - a +0 robe
Magical Staves
 b - a staff of cold (weapon)
Scrolls
 d - 3 scrolls of identify {unknown}
 i - a scroll of summoning {unknown}
 j - 3 scrolls of immolation {unknown}
 k - a scroll of revelation {unknown}
 l - a scroll of amnesia {unknown}
 o - a scroll of vulnerability {unknown}
 q - a scroll of fear {unknown}
 r - 2 scrolls of teleportation {unknown}
Potions
 f - a potion of haste {unknown}
 g - a potion of cancellation {unknown}
 n - 3 potions of curing {unknown}
 p - a potion of attraction {unknown}
 s - a potion of lignification {unknown}


   Skills:
 + Level 1.8 Fighting
 - Level 2.1 Dodging
 + Level 2.4 Stealth
 * Level 3.7 Spellcasting
 * Level 3.7 Conjurations
 * Level 3.7 Hexes
   Level 0.0 Charms
 * Level 3.7 Summonings
 * Level 3.7 Necromancy
 * Level 3.7 Translocations
 * Level 3.7 Transmutations
 * Level 3.7 Fire Magic
 * Level 3.7 Ice Magic
 * Level 3.7 Air Magic
 * Level 3.7 Earth Magic
 * Level 3.7 Poison Magic


You knew the following spells:

 Your Spells              Type           Power      Damage    Failure   Level
a - Magic Dart            Conj           60%        1d6       4%          1
b - Slow                  Hex            60%        N/A       4%          1
c - Blink                 Tloc           30%        N/A       8%          2
d - Call Imp              Summ           30%        N/A       8%          2
e - Mephitic Cloud        Conj/Pois/Air  15%        N/A       16%         3
f - Summon Small Mammal   Summ           60%        N/A       4%          1
g - Passwall              Tmut/Erth      12%        N/A       8%          2
Your spell library was empty.

Dungeon Overview and Level Annotations

Branches:
Dungeon (4/15)
 Temple: D:4-7

Altars:


Innate Abilities, Weirdness & Mutations

You are immune to sickness and miasma.
You are immune to poison.
Your flesh is very heat resistant. (rF++)
You are vulnerable to cold. (rC-)
You float through the air rather than walking.
You learn spells naturally, not from books.
Your magical power is your life essence.
You have superior vitality. (+4 MHP)


Message History

Casting: Magic Dart (safe; 4% risk of failure)
Confirm with . or Enter, or press ? or * to list all spells.
Aiming: Magic Dart (safe; 4% risk of failure)
Press: ? - help, Shift-Dir - straight line, f/p - orc priest
Aim: an orc priest, wielding a +0 whip (heavily wounded, 100% to hit)
The magic dart hits the orc priest.
The orc priest is severely wounded.
Casting: Magic Dart (safe; 4% risk of failure)
Confirm with . or Enter, or press ? or * to list all spells.
Aiming: Magic Dart (safe; 4% risk of failure)
Press: ? - help, Shift-Dir - straight line, f/p - orc priest
Aim: an orc priest, wielding a +0 whip (severely wounded, 100% to hit)
The magic dart hits the orc priest but does no damage.
The orc priest is severely wounded.
The orc priest invokes the aid of Beogh against you.
Beogh smites you!
* * * LOW HITPOINT WARNING * * *
Casting: Magic Dart (safe; 4% risk of failure)
Confirm with . or Enter, or press ? or * to list all spells.
Aiming: Magic Dart (safe; 4% risk of failure)
Press: ? - help, Shift-Dir - straight line, f/p - orc priest
Aim: an orc priest, wielding a +0 whip (severely wounded, 100% to hit)
The magic dart hits the orc priest.
The orc priest is almost dead.
* * * LOW HITPOINT WARNING * * *
The orc priest calls down the wrath of Beogh upon you.
Pain shoots through your body!
* * * LOW HITPOINT WARNING * * *
Casting: Magic Dart (safe; 4% risk of failure)
Confirm with . or Enter, or press ? or * to list all spells.
Aiming: Magic Dart (safe; 4% risk of failure)
Press: ? - help, Shift-Dir - straight line, f/p - orc priest
Aim: an orc priest, wielding a +0 whip (almost dead, 100% to hit)
The magic dart hits the orc priest.
The orc priest is almost dead.
* * * LOW HITPOINT WARNING * * *
A hobgoblin comes into view.
The orc priest invokes the aid of Beogh against you.
Beogh smites you!
You die...

.# #####..#..# #########
<†##.........# ##...#...#
#............###.........
............##.......... .
#...........#..........
..## #$........##..........
...g.#..........##........<
#....[.o..@...).......#...#
###..?..##..#####...#####
##..####..# ##.## #... #..#
#.# #.##. #..# ..# #.
#....# #.## .. #...# .. ###
##... ..# ..


You could see an orc priest and a hobgoblin (wandering).

Vanquished Creatures
  3 gnolls (D:3)
  3 adders (D:3)
  A dart slug (D:1)
  An orc (D:3)
  2 endoplasms
  5 giant cockroaches
  3 goblins
  3 hobgoblins
  A quokka (D:3)
  5 ball pythons
  8 bats
  4 frilled lizards
  5 kobolds
  3 rats
47 creatures vanquished.

Notes
Turn   | Place    | Note
-------+----------+-------------------------------------------
     0 | D:1      | juan097 the Djinni Hedge Wizard began the quest for the
                  | Orb.
     0 | D:1      | juan097 set off with the following spells memorised: Magic
                  | Dart, Slow, Blink, Call Imp, Mephitic Cloud.
     0 | D:1      | Reached XP level 1. HP: 15/15 MP: 0/0
   234 | D:1      | Reached XP level 2. HP: 21/22 MP: 0/0
   308 | D:1      | Found a faded altar of an unknown god.
  1155 | D:2      | Reached XP level 3. HP: 23/26 MP: 0/0
  1155 | D:2      | Learned a level 1 spell: Summon Small Mammal
  1215 | D:2      | Reached skill level 1 in Fighting
  1600 | D:3      | Reached XP level 4. HP: 25/32 MP: 0/0
  2121 | D:3      | Reached XP level 5. HP: 34/38 MP: 0/0
  2121 | D:3      | Learned a level 2 spell: Passwall
  2371 | D:4      | Killed from afar by an orc priest

Illustrated notes

Levels and vault maps discovered:
D:1:      zaba_arrival_water, layout_loops_ring,
          chequers_ecumenical_altar_island
D:2:      layout_basic, grunt_decor_one_mirror
D:3:      kennysheep_six_static_rooms, layout_basic
D:4:      layout_rooms, mainiacjoe_overflow_alcove_2,
          biasface_ghost_orc_armoury, nicolae_shop_gadgets

Skill      XL: |  1  2  3 |
---------------+----------+-----
Spellcasting   | 3 |  3.7
Conjurations   | 3 |  3.7
Hexes          | 3 |  3.7
Summonings     | 3 |  3.7
Necromancy     | 3 |  3.7
Translocations | 3 |  3.7
Transmutations | 3 |  3.7
Fire Magic     | 3 |  3.7
Ice Magic      | 3 |  3.7
Air Magic      | 3 |  3.7
Earth Magic    | 3 |  3.7
Poison Magic   | 3 |  3.7
Fighting       | 1 |  1.8
Stealth        | 2 |  2.4
Dodging        | |  2.1

Action                     |  1- 3 |  4- 6 || total
---------------------------+-------+-------++-------
  Melee: Dagger            |     6 |       ||     6
   Cast: Magic Dart        |    70 |    52 ||   122
   Stab: Sleeping          |     2 |       ||     2
 Armour: Leather armour    |     9 |     4 ||    13
  Dodge: Dodged            |    12 |     9 ||    21

Table legend: (Time is in decaauts)
 A = Elapsed time spent in this place.
 B = Non-inter-level travel time spent in this place.
 C = Inter-level travel time spent in this place.
 D = Time resting spent in this place.
 E = Time spent auto-exploring this place.
 F = Levels seen in this place.
 G = Mean time per level.
                   A        B        C        D        E       F      G
               +--------+--------+--------+--------+--------+-----+--------+
         Total |   2369 |   2239 |    130 |      0 |   1936 |   4 |  592.2 |
       Dungeon |   2369 |   2239 |    130 |      0 |   1936 |   4 |  592.2 |
               +--------+--------+--------+--------+--------+-----+--------+

Top non-repeatable levels by time:
     D:3: 1066 daAuts
     D:1: 790 daAuts
     D:2: 474 daAuts
     D:4: 38 daAuts
